AoeStats
← Der Sprudel

Arena

509163545Analyzed
1v1 RM · 6d ago on Sep 25, 2026· 57m 55s· 2 players
Game mode
Random Map
Map size
Tiny (2 player)
Population
200
Speed
Normal
Resources
Standard
Victory
Conquest
Starting age
Dark Age
Ending age
Imperial Age
RankedLock teamsTeams togetherTeam positionsShared explorationLock speedFull tech treeHidden civsTurbo modeCheats
Victory
Defeat
🇬🇧 Berbers · United Kingdom
1303
+14
🇩🇪 Mapuche · Germany
1270
-14
Der Sprudel
10:16 Feudal Age
14:52 Castle Age
13:10 Double-Bit Axe
13:09 Horse Collar
16:41 Bow Saw
20:00 Forging
22:50 Loom
24:03 Wheelbarrow
23:24 Town Watch
25:50 Gold Mining
26:47 Fletching
26:23 Pikeman
27:56 Hand Cart
30:21 Scale Mail Armor
30:40 Champi Runner
33:52 Imperial Age
31:27 Champi Warrior
32:32 Chain Mail Armor
34:18 Bodkin Arrow
34:13 Elite Skirmisher
34:20 Onager
35:31 Conscription
35:53 Elite Champi Warrior
37:28 Padded Archer Armor
38:34 Hoardings
38:53 Ballistics
39:34 Chemistry
48:57 Plate Mail Armor
48:22 Arson
50:54 Heavy Plow
50:15 Halberdier
53:10 Iron Casting
52:51 Leather Archer Armor
56:06 Blast Furnace
55:36 Ring Archer Armor
55:18 Malon
56:55 Crop Rotation
Jackie Daytona
4:51 Loom
10:01 Feudal Age
11:21 Double-Bit Axe
11:42 Horse Collar
19:11 Castle Age
17:54 Wheelbarrow
22:10 Hand Cart
22:02 Fletching
22:15 Padded Archer Armor
22:43 Bow Saw
22:36 Heavy Plow
22:35 Gold Mining
24:37 Bodkin Arrow
24:58 Leather Archer Armor
25:06 Ballistics
25:42 Masonry
33:46 Imperial Age
31:02 Town Watch
34:26 Bracer
35:42 Chemistry
36:46 Ring Archer Armor
37:42 Bloodlines
37:33 Husbandry
38:38 Hoardings
38:24 Conscription
37:25 Elite Camel Archer
44:02 Scale Barding Armor
44:07 Forging
44:53 Light Cavalry
48:03 Iron Casting
47:49 Chain Barding Armor
50:35 Plate Barding Armor
50:36 Hussar
54:17 Maghrebi Camels
54:19 Kasbah
Connection lost

Rejoining the realm…

Still unreachable

The connection could not be restored.

Session expired

The server has moved on; the page needs a fresh start.